Map: 2000 Atmospheres LE

Players

Krystianer

  • Race: Protoss Protoss
  • League: Grandmaster

GunGFuBanDa - Winner!

  • Race: Protoss Protoss
  • League: Grandmaster

Event: DreamHack SC2 Masters 2021 Summer

VOD

Have the link to the VOD?

Description

Time

  • Played on: May 25, 2021, 12:24 p.m.
  • Length: 12:36

All games in this series

Show
View Real Time Build Order
Export as new Build Order

Krystianer Protoss 

Build Orders: Oracle Opening 

Get SALT Encoding   

  12  0:00  Probe  
  13  0:12  Probe  
  14  0:17  Pylon  
  14  0:24  Probe (Chrono Boost)  
  16  0:36  Probe (Chrono Boost)  
  16  0:37  Gateway  
  16  0:43  Probe (Chrono Boost)  
  16  0:46  Assimilator  
  17  0:50  Probe  
  18  0:57  Assimilator  
  18  1:02  Probe (Chrono Boost)  
  19  1:05  Pylon  
  20  1:12  Probe (Chrono Boost)  
  20  1:17  Probe (Chrono Boost)  
  21  1:26  Zealot  
  21  1:31  Cybernetics Core  
  23  1:33  Probe  
  24  1:53  Probe  
  25  2:02  Nexus  
  25  2:08  Stalker (Chrono Boost)  
  25  2:14  Warp Gate  
  27  2:17  Probe  
  28  2:32  Stalker  
  28  2:33  Pylon  
  28  2:36  Probe  
  31  2:49  Probe, Stargate  
  31  2:59  Shield Battery  
  31  3:04  Stalker  
  33  3:08  Probe  
  34  3:15  Probe  
  34  3:19  Shield Battery  
  35  3:23  Probe  
  35  3:25  Probe  
  37  3:29  Oracle (Chrono Boost)  
  37  3:34  Probe  
  40  3:35  Probe  
  42  3:42  Probe  
  42  3:47  Probe  
  44  3:54  Probe, Twilight Council  
  45  4:00  Probe  
  46  4:03  Pylon  
  46  4:06  Probe  
  50  4:10  Stalker  
  50  4:13  Probe  
  50  4:18  Probe, Blink (Chrono Boost), Assimilator  
  50  4:20  Forge  
  51  4:25  Probe  
  51  4:29  Pylon  
  51  4:30  Probe  
  53  4:37  Probe  
  54  4:42  Probe  
  54  4:43  Stalker  
  57  4:51  Nexus  
  57  4:52  Protoss Ground Weapons Level 1 (Chrono Boost)  
  57  4:53  Probe  
  57  4:58  Probe  
  59  5:05  Probe  
  60  5:08  Stalker  
  60  5:10  Probe  
  60  5:11  Dark Shrine  
  63  5:14  Pylon  
  63  5:17  Probe  
  64  5:23  Probe  
  65  5:29  Probe  
  65  5:35  Gateway, Pylon, Stalker  
  66  5:36  Gateway  
  66  5:39  Probe (Chrono Boost)  
  70  5:47  Probe (Chrono Boost)  
  71  5:50  Probe (Chrono Boost)  
  71  5:54  Probe (Chrono Boost)  
  71  5:55  Probe (Chrono Boost)  
  72  5:58  Gateway  
  72  6:00  Shield Battery  
  72  6:04  Stalker  
  74  6:05  Probe x2  
  74  6:06  Probe  
  74  6:10  Gateway  
  77  6:17  Probe x2  
  79  6:20  Probe  
  80  6:28  Pylon  
  80  6:30  Dark Templar x3  
  86  6:37  Gateway  
  86  6:40  Gateway  
  86  6:46  Charge (Chrono Boost)  
  86  6:50  Protoss Ground Weapons Level 2 (Chrono Boost)  
  86  6:51  Nexus  
  86  6:52  Pylon  
  86  6:54  Templar Archives  
  84  7:08  Probe  
  85  7:10  Probe  
  84  7:15  Zealot  
  84  7:16  Zealot x4  
  94  7:23  Shield Battery  
  94  7:26  Gateway  
  94  7:27  Gateway  
  94  7:30  Pylon  
  94  7:34  Probe  
  95  7:38  Zealot x7, Robotics Facility  
  109  7:45  Pylon  
  109  7:47  Pylon  
  107  7:54  Nexus  
  107  7:58  High Templar x2  
  107  7:59  Zealot x4  
  107  8:04  Pylon  
  119  8:06  Archon  
  119  8:13  Zealot  
  119  8:16  Pylon  
  121  8:20  Zealot x3  
  121  8:21  Zealot  
  129  8:32  Zealot x3  
  131  8:36  Zealot x2  
  134  8:42  Zealot x2  
  134  8:43  Zealot x2  
  134  8:44  Gateway  
  140  8:48  Probe x2  
  140  8:49  Gateway  
  140  8:54  Sentry  
  144  8:56  High Templar x2  
  144  8:57  Zealot x2  
  144  8:58  Protoss Ground Armor Level 1 (Chrono Boost)  
  152  9:04  Zealot x4  
  152  9:08  Pylon  
  152  9:09  Archon  
  160  9:12  Photon Cannon  
  160  9:18  Stalker x3  
  156  9:27  Zealot x4  
  156  9:29  Zealot x2  
  144  9:39  Zealot  
  144  9:41  Zealot x2  
  144  9:42  Zealot  
  124  9:45  Zealot  
  124  9:49  Zealot x6  
  94  10:03  Zealot x4  
  90  10:10  High Templar x2  
  90  10:12  Zealot x2  
  90  10:13  Zealot x3  
  98  10:15  Archon  
  98  10:20  Shield Battery  
  96  10:27  Zealot x4  
  104  10:33  Zealot x3  
  104  10:34  Zealot x2  
  88  10:50  Zealot x5  
  88  10:55  Zealot x5  
  91  11:12  Zealot x4  
  91  11:16  Zealot x5  
  91  11:17  Zealot  
  83  11:38  High Templar x4  
  83  11:39  Zealot x6  
  102  11:43  Archon x2  
  102  12:00  Zealot x6  
  108  12:17  Zealot x3  
  112  12:22  Zealot x3  
  112  12:23  Zealot x2  
Show
View Real Time Build Order
Export as new Build Order

GunGFuBanDa Protoss - Winner!

Build Orders: Blink Stalkers 

Get SALT Encoding   

  12  0:00  Probe  
  13  0:12  Probe  
  14  0:16  Pylon  
  14  0:24  Probe (Chrono Boost)  
  16  0:36  Probe (Chrono Boost), Gateway  
  16  0:42  Probe (Chrono Boost)  
  16  0:45  Assimilator  
  17  0:50  Probe  
  17  0:54  Assimilator  
  18  1:03  Probe (Chrono Boost)  
  19  1:07  Gateway  
  19  1:12  Probe (Chrono Boost)  
  19  1:17  Probe (Chrono Boost)  
  20  1:24  Cybernetics Core  
  21  1:29  Probe  
  22  1:35  Pylon  
  22  1:41  Probe  
  23  1:53  Probe  
  24  2:00  Stalker x2  
  28  2:01  Warp Gate  
  28  2:08  Probe  
  29  2:12  Pylon  
  29  2:22  Probe  
  30  2:30  Sentry  
  32  2:41  Nexus  
  32  2:43  Sentry  
  33  2:49  Probe  
  34  2:55  Shield Battery  
  34  3:01  Probe (Chrono Boost)  
  35  3:07  Twilight Council  
  36  3:13  Probe (Chrono Boost)  
  36  3:18  Probe (Chrono Boost)  
  37  3:24  Pylon  
  37  3:27  Probe (Chrono Boost)  
  38  3:39  Probe (Chrono Boost)  
  38  3:41  Blink (Chrono Boost)  
  39  3:46  Probe (Chrono Boost)  
  40  3:55  Stalker x2  
  45  3:57  Probe (Chrono Boost)  
  45  3:58  Probe (Chrono Boost)  
  46  4:08  Probe (Chrono Boost)  
  46  4:09  Probe (Chrono Boost)  
  48  4:13  Probe (Chrono Boost), Forge  
  49  4:18  Probe  
  49  4:19  Stalker  
  52  4:25  Probe  
  52  4:29  Pylon  
  52  4:30  Probe  
  54  4:33  Stalker  
  54  4:37  Probe  
  57  4:42  Probe, Protoss Ground Weapons Level 1 (Chrono Boost)  
  57  4:44  Pylon  
  58  4:48  Assimilator  
  58  4:49  Probe  
  59  4:56  Nexus  
  59  5:00  Robotics Facility  
  59  5:09  Probe  
  59  5:11  Probe  
  59  5:12  Stalker, Sentry  
  65  5:17  Gateway  
  65  5:19  Gateway  
  65  5:23  Probe  
  65  5:24  Probe  
  67  5:35  Probe, Photon Cannon  
  68  5:36  Probe  
  69  5:43  Stalker x2  
  69  5:47  Probe  
  69  5:48  Observer  
  75  5:50  Probe  
  76  5:59  Probe  
  76  6:02  Probe  
  76  6:03  Charge, Pylon, Shield Battery  
  82  6:11  Probe, Immortal  
  82  6:12  Probe, Phoenix  
  82  6:14  Probe  
  81  6:19  Stalker x2  
  87  6:26  Probe (Chrono Boost)  
  87  6:28  Probe x2 (Chrono Boost)  
  88  6:33  Pylon  
  88  6:36  Gateway  
  88  6:37  Gateway  
  88  6:38  Probe x2 (Chrono Boost)  
  88  6:39  Probe (Chrono Boost)  
  90  6:40  Protoss Ground Weapons Level 2 (Chrono Boost)  
  90  6:45  Pylon  
  91  6:50  Warp Prism  
  93  6:54  Gateway  
  93  7:02  Gateway  
  93  7:05  Zealot  
  93  7:06  Zealot x2  
  93  7:16  Probe x2 (Chrono Boost)  
  93  7:18  Photon Cannon  
  93  7:21  Probe (Chrono Boost)  
  96  7:23  Photon Cannon  
  96  7:25  Probe x2 (Chrono Boost)  
  96  7:29  Zealot x3  
  103  7:30  Zealot  
  105  7:37  Zealot x2  
  105  7:41  Pylon  
  105  7:43  Pylon  
  109  7:45  Templar Archives  
  109  7:59  Zealot x6  
  109  8:02  Pylon  
  109  8:03  Zealot  
  109  8:05  Zealot  
  125  8:11  Pylon  
  123  8:16  Observer  
  123  8:17  Zealot  
  126  8:21  Zealot  
  126  8:22  Zealot x4  
  126  8:26  Pylon  
  136  8:29  Pylon  
  136  8:35  Zealot  
  136  8:36  Zealot  
  140  8:43  Pylon  
  140  8:44  Pylon  
  140  8:47  Pylon  
  140  8:50  High Templar x4  
  140  8:54  Archon x2  
  148  8:57  Zealot, Pylon  
  148  8:58  Zealot x3  
  148  8:59  Pylon  
  148  9:00  Pylon  
  156  9:14  Pylon  
  156  9:16  High Templar  
  158  9:17  High Templar  
  158  9:22  Archon  
  160  9:26  Zealot x6  
  150  9:45  Zealot x2  
  132  9:48  Zealot x5  
  132  9:49  Zealot  
  92  10:09  Stalker x7  
  92  10:10  Stalker  
  108  10:33  Zealot x8  
  122  10:45  Nexus  
  98  10:55  Zealot x8  
  106  11:17  Zealot x8  
  120  11:31  Immortal (Chrono Boost)  
  116  11:39  High Templar x3  
  126  11:40  High Templar  
  126  11:41  Zealot x4  
  126  11:45  Archon x2  
  136  11:48  Probe  
  137  12:04  Probe  
  138  12:12  Zealot x4  
  138  12:13  Zealot x2  
  146  12:32  Zealot x5  
  146  12:33  Zealot x3  
Tags
 
Add a new tag
Caveats
  • Supply blocks, unpowered buildings, or Contaminate may cause inaccurate times.
  • Supply counts are checked every 10 seconds.